 Dungeon Crawl Stone Soup version 0.19-a0-1185-gacb3972 (webtiles) character file.

3658 Gagarin the Quickloader (level 9, -6/82 HPs)
             Began as a Deep Dwarf Hunter on Aug 18, 2016.
             Was a Follower of Makhleb.
             Mangled by an orc knight
             ... wielding a +0 battleaxe
              (13 damage)
             ... in a bailey.
             The game lasted 00:40:18 (5702 turns).

Gagarin the Quickloader (Deep Dwarf Hunter)         Turns: 5702, Time: 00:40:19

Health: -6/82      AC:  5    Str: 21    XL:     9   Next: 88%
Magic:  6/6        EV: 17    Int: 12    God:    Makhleb [*.....]
Gold:   664        SH:  0    Dex: 16    Spells: 0 memorised, 8 levels left

rFire  . . .     SeeInvis .     y - +0 battleaxe
rCold  . . .     Gourm    .     c - +0 leather armour
rNeg   + + +     Faith    .     (shield currently unavailable)
rPois  .         Spirit   .     p - +1 helmet
rElec  .         Dismiss  .     (no cloak)
rCorr  .         Reflect  .     (no gloves)
MR     ++...     Harm     .     (no boots)
Stlth  ++........               M - amulet "Irhukomp" {rN++ Regen+}
                                w - ring of positive energy (curse)
                                m - ring of protection from magic

@: mighty, non-regenerating
A: damage resistance, recharge devices, sense surroundings 2, slow regeneration
3
a: Device Recharging, Renounce Religion


You were in a bailey.
You worshipped Makhleb.
Makhleb was aware of your devotion.
You were not hungry.

You visited 2 branches of the dungeon, and saw 8 of its levels.
You also visited: Bailey.

You collected 989 gold pieces.
You spent 325 gold pieces at shops.

Inventory:

Hand Weapons
 a - a +1 hand crossbow
 b - a +0 short sword
 l - a +0 hand axe
 x - a +2 whip of electrocution
 y - a +0 battleaxe (weapon)
 A - a +0 dagger
 D - a +0 dagger of venom
 H - a +0 arbalest of freezing
Missiles
 d - 8 bolts
 L - 34 tomahawks of returning (quivered)
Armour
 c - a +0 leather armour (worn)
 p - a +1 helmet (worn)
 E - a +0 scale mail of fire resistance
Jewellery
 h - an uncursed ring of fire
 m - a ring of protection from magic (left hand)
 w - a cursed ring of positive energy (right hand)
 B - a +3 amulet of reflection
 K - an uncursed ring of resist corrosion
 M - the amulet "Irhukomp" (around neck) {rN++ Regen+}
   (You took it off a kobold in a bailey)

   [amulet of regeneration]

   It greatly protects you from negative energy.
   It increases your rate of regeneration.
Wands
 e - a wand of heal wounds (0/9)
 I - a wand of slowing (22/48)
Scrolls
 j - a scroll of identify
 r - 6 scrolls of remove curse
 v - 2 scrolls of amnesia
 z - a scroll of noise
 F - 2 scrolls of enchant armour
 G - 5 scrolls of teleportation
Potions
 g - 3 potions of brilliance
 k - 4 potions of curing
 o - a potion of might
 u - 2 potions of resistance
 J - 3 potions of lignification
 N - a potion of mutation
Books
 C - a book of the Dragon

   Spells                             Type                      Level
   a - Flame Tongue                   Conjuration/Fire             1
   b - Cause Fear                     Hexes                        4
   c - Bolt of Fire                   Conjuration/Fire             6
   d - Dragon Form                    Transmutation                7
   e - Dragon's Call                  Summoning                    9
Comestibles
 f - 5 bread rations
 i - 2 beef jerkies
 n - 3 slices of pizza
 q - 2 royal jellies
 s - 3 chunks of flesh
 t - a meat ration


   Skills:
 + Level 6.2 Fighting
 + Level 4.1 Axes
 + Level 10.5 Crossbows
 - Level 5.2 Armour
 + Level 7.3 Dodging
 - Level 1.4 Stealth


You had 8 spell levels left.
You didn't know any spells.

Dungeon Overview and Level Annotations

Branches:
Dungeon (7/15)             Temple (1/1) D:7

Altars:
Ashenzari
Cheibriados
Dithmenos
Elyvilon
Fedhas
Gozag
Hepliaklqana
Makhleb
Nemelex Xobeh
Okawaru
Qazlal
Ru
Trog
Vehumet
Xom
Yredelemnul
Zin

Shops:
D:7 =


Innate Abilities, Weirdness & Mutations

You are resistant to damage.
You can recharge devices by infusing magical energy.
You passively map the area around you.
You do not regenerate naturally.


Message History

You kill the hobgoblin!
Makhleb accepts your kill.
You feel better.
The orc knight hits you with a battleaxe!!
The orc knight misses you.
You slash the orc knight!
The orc knight is almost dead.
The orc knight hits you with a battleaxe!!
* * * LOW HITPOINT WARNING * * *
You slash the orc knight!
The orc knight is almost dead.
The orc knight hits you with a battleaxe!
* * * LOW HITPOINT WARNING * * *
You barely miss the orc knight.
The orc knight is almost dead.
The orc knight misses you.
You closely miss the orc knight.
The orc knight is almost dead.
The orc knight hits you with a battleaxe!
You die...

≈≈≈≈≈≈≈≈≈........##
#######≈≈≈≈≈......##
g.goo.#∩≈≈≈≈≈≈≈....###
..K.g.####..≈≈≈≈≈≈≈≈≈##* ≈
##'####.K#..).)≈≈≈≈≈≈≈≈≈≈
≈ ,...
....###...)..#≈≈≈≈≈≈#
##'####..#.'..)..#########
... ,#..###...(...## ,
#..#....⌠o@...# ,,
##'#()(.()...##
#######..(†.......##
((.............####
##.############# ...# ..##
###


You could see an orc knight.

Vanquished Creatures
  Pikel (D:6)
  An orc knight (Bailey)
  The ghost of Nattefrost the Carver, a novice MiGl (D:4)
  Grinder (D:6)
  Prince Ribbit (D:6)
  Edmund (D:4)
  A water moccasin (D:7)
  Duvessa (D:3)
  An orc warrior (Bailey)
  A slave (D:6)
  4 phantoms
  The ghost of ximxim the Digger, an amateur DrEE (D:3)
  Dowan (D:4)
  3 scorpions
  A water moccasin skeleton (D:7)
  3 crimson imps
  2 jellies (D:6)
  3 orc priests
  A gnoll shaman (D:6)
  A centaur skeleton (D:6)
  Jessica (D:2)
  5 orc wizards (D:5)
  4 worker ants
  A hound zombie (D:7)
  Robin (D:2)
  15 gnolls
  6 adders
  A shadow imp (D:5)
  2 oozes
  A dart slug (D:1)
  A worm (D:2)
  4 giant geckos
  24 orcs
  3 giant cockroaches
  10 goblins
  12 hobgoblins
  5 jackals
  23 kobolds
  A quokka (D:3)
  11 bats
  A giant cockroach zombie (D:5)
  A giant gecko skeleton (D:4)
  5 giant newts
  A quokka skeleton (D:4)
  10 rats
  2 plants (D:2)
181 creatures vanquished.

Vanquished Creatures (others)
  A slave (D:6)
  A centaur (D:6)
  An orc wizard (D:6)
  3 gnolls (D:6)
  An orc (D:6)
  3 jackals (D:6)
10 creatures vanquished.

Grand Total: 191 creatures vanquished

Notes
Turn   | Place    | Note
-------+----------+-------------------------------------------
     0 | D:1      | Gagarin the Deep Dwarf Hunter began the quest for the Orb.
     0 | D:1      | Reached XP level 1. HP: 19/19 MP: 1/1
   116 | D:1      | Reached XP level 2. HP: 24/26 MP: 2/2
   313 | D:1      | Reached skill level 5 in Crossbows
   725 | D:2      | Noticed Robin
   726 | D:2      | Reached XP level 3. HP: 29/32 MP: 3/3
   745 | D:2      | Killed Robin
   841 | D:2      | Reached skill level 1 in Armour
   847 | D:2      | Reached XP level 4. HP: 29/39 MP: 4/4
  1116 | D:2      | Found an opulent altar of Gozag.
  1242 | D:2      | Reached skill level 6 in Crossbows
  1301 | D:2      | Noticed Jessica
  1303 | D:2      | Killed Jessica
  1568 | D:2      | Reached XP level 5. HP: 31/45 MP: 5/5
  1896 | D:3      | Found a faded altar of an unknown god.
  2097 | D:3      | Noticed ximxim's ghost (amateur DrEE)
  2152 | D:4      | Noticed Nattefrost's ghost (novice MiGl)
  2513 | D:4      | Noticed Edmund
  2543 | D:4      | Killed Edmund
  2543 | D:4      | Reached skill level 7 in Crossbows
  2543 | D:4      | Reached XP level 6. HP: 30/52 MP: 6/6
  2610 | D:4      | Noticed Dowan
  2614 | D:4      | Noticed Duvessa
  2617 | D:4      | Killed Dowan
  2620 | D:4      | HP: 2/52 [Duvessa/rapier of draining (7)]
  2700 | D:3      | Killed Duvessa
  2722 | D:3      | Killed ximxim's ghost
  2722 | D:3      | Reached skill level 8 in Crossbows
  2722 | D:3      | Reached XP level 7. HP: 58/58 MP: 7/7
  2808 | D:4      | Killed Nattefrost's ghost
  2808 | D:4      | Reached skill level 5 in Armour
  3009 | D:4      | Reached XP level 8. HP: 28/68 MP: 8/8
  3364 | D:4      | Found a sparkling altar of Nemelex Xobeh.
  3364 | D:4      | Found a basalt altar of Yredelemnul.
  3365 | D:4      | Found a radiant altar of Vehumet.
  3367 | D:4      | Found a stormy altar of Qazlal.
  3369 | D:4      | Found a sacrificial altar of Ru.
  3458 | D:5      | Entered Level 5 of the Dungeon
  3479 | D:5      | You fall through a shaft!
  3610 | D:6      | Noticed Pikel
  3644 | D:6      | Killed Pikel
  3644 | D:6      | Reached skill level 9 in Crossbows
  3644 | D:6      | Reached skill level 5 in Dodging
  3742 | D:6      | Noticed Prince Ribbit
  3753 | D:6      | Killed Prince Ribbit
  3753 | D:6      | Gained mutation: You passively map the area around you. [Deep Dwarf growth]
  3753 | D:6      | Reached XP level 9. HP: 46/79 MP: 9/9
  3756 | D:6      | Noticed Grinder
  3786 | D:6      | Killed Grinder
  3926 | D:6      | Found a shattered altar of Ashenzari.
  3926 | D:6      | Found a shimmering altar of Xom.
  3959 | D:6      | Reached skill level 5 in Fighting
  4420 | D:5      | Reached skill level 10 in Crossbows
  4532 | D:5      | Found a stormy altar of Qazlal.
  4958 | D:7      | Found Kupleukh's Jewellery Emporium.
  4959 | D:7      | Found a staircase to the Ecumenical Temple.
  4964 | D:7      | Bought a +3 amulet of reflection for 325 gold pieces
  4973 | Temple   | Entered the Ecumenical Temple
  5086 | Temple   | Became a worshipper of Makhleb the Destroyer
  5178 | D:7      | Found a flagged portal.
  5214 | Bailey   | Entered a bailey
  5263 | Bailey   | Noticed an orc knight
  5263 | Bailey   | Noticed an orc knight
  5273 | Bailey   | Noticed an orc knight
  5502 | Bailey   | Reached * piety under Makhleb
  5616 | Bailey   | Killed an orc knight
  5623 | Bailey   | Got a smoking bronze amulet
  5625 | Bailey   | Identified the amulet "Irhukomp" {rN++ Regen+} (You took it off a kobold in a bailey)
  5702 | Bailey   | Mangled by an orc knight

Vault maps used:
D:1:      co_arrival_square_in_a_square_in_a_square
D:2:      lemuel_round_altar, serial_forest, infiniplex_forest_end_2,
          infiniplex_forest_end_3, infiniplex_forest_lined_1,
          infiniplex_forest_lined_3, infiniplex_forest_diagonal,
          hangedman_decor_clover_reticule, uniq_robin, uniq_jessica
D:3:      ecumenical_altar_2
D:4:      minitemple, first_bread, uniq_duvessa, uniq_edmund
D:5:      minmay_misc_feat_plants, nicolae_qazlal_general_emergency
D:6:      gammafunk_temple_overflow_wave, uniq_prince_ribbit1, uniq_grinder,
          uniq_pikel
D:7:      lightli_bailey_entry_fortress, serial_shops, shop, the_bakery
Temple:   nicolae_temple_figure_eight
Bailey:   bailey_axe_4, bailey

Skill      XL: |  1  2  3  4  5  6  7  8  9 |
---------------+----------------------------+-----
Crossbows      | 5 6 7 8 9 10 | 10.5
Armour         | 1 2 3 4 5 |  5.2
Axes           | 3 4 |  4.1
Fighting       | 2 4 6 |  6.2
Dodging        | 5 7 |  7.3
Stealth        | |  1.4

Action                   |  1- 3 |  4- 6 |  7- 9 || total
-------------------------+-------+-------+-------++-------
Melee: Battleaxe         |       |    40 |    84 ||   124
 Fire: Hand crossbow     |    73 |   131 |   197 ||   401
       Arbalest          |       |       |    53 ||    53
Throw: Tomahawk          |       |       |    23 ||    23
 Abil: Device Recharging |       |       |     3 ||     3
Evoke: Wand              |       |     2 |    29 ||    31
  Use: Scroll            |       |    12 |    11 ||    23
       Potion            |       |     4 |    12 ||    16
  Eat: Chunk             |       |     4 |     4 ||     8
       Meat ration       |       |       |     2 ||     2
Armor: Leather armour    |     6 |    15 |    42 ||    63
       Skin              |       |    29 |    47 ||    76
Dodge: Dodged            |    12 |    48 |   151 ||   211
Block: Other             |       |       |     1 ||     1
       Reflection        |       |       |     1 ||     1
